 Dungeon Crawl Stone Soup version 0.29.0-5-ge4962eb29e (webtiles) character file.

Game seed: 10207823332441948778

1887 Woods the Covert (level 9, -6/76 HPs)
             Began as a Naga Ice Elementalist on Aug 29, 2022.
             Engulfed by a cloud of steam (13 damage)
             ... on level 6 of the Dungeon.
             The game lasted 00:13:25 (5781 turns).

Woods the Covert (Naga Ice Elementalist)            Turns: 5781, Time: 00:13:26

Health: -6/76      AC:  7    Str: 10    XL:     9   Next: 14%
Magic:  22/27      EV: 10    Int: 28    God:
Gold:   287        SH:  8    Dex: 13    Spells: 9/20 levels left

rFire   . . .      SeeInvis +   k - +7 Throatcutter {drain, coup de grace}
rCold   . . .      Faith    .   o - +0 buckler {AC+3}
rNeg    . . .      Spirit   .   a - +0 robe
rPois   +          Reflect  +   (no helmet)
rElec   +          Harm     .   (no cloak)
rCorr   .          Rampage  .   (no gloves)
Will    +....                   (no barding)
Stlth   ++++......              y - amulet of reflection
HPRegen 0.22/turn               w - ring of Jeurhiast {*Slow rElec rPois MP+9 Int+9}
MPRegen 0.20/turn               (no ring)

@: freezing walls, very slow
A: AC +3, large, see invisible, deformed body, poison resistance, slowness 2,
spit poison 1, naga tail 1
a: Spit Poison


You were on level 6 of the Dungeon.
You visited 1 branch of the dungeon, and saw 6 of its levels.

You collected 287 gold pieces.

Inventory:

Hand Weapons
 k - the +7 Throatcutter (weapon) {drain, coup de grace}
   (You took it off Terence on level 2 of the Dungeon)

   A truly terrible weapon, it drains the life of any living foe it strikes.
   It may instantly kill foes which have little health.
Armour
 a - a +0 robe (worn)
 o - a +0 buckler of protection (worn)
Jewellery
 j - a ring of ice
 w - the ring of Jeurhiast (left hand) {*Slow rElec rPois MP+9 Int+9}
   (You found it on level 5 of the Dungeon)

   [ring of magical power]

   Int:       It affects your intelligence (+9).
   rElec:     It insulates you from electricity.
   rPois:     It protects you from poison.
   MP:        It affects your magic capacity (+9).
   *Slow:     It may slow you when you take damage.
 y - an amulet of reflection (around neck)
Wands
 s - a wand of roots (2)
Scrolls
 c - a scroll of torment {unknown}
 d - a scroll of amnesia {unknown}
 g - a scroll of summoning {unknown}
 i - 2 scrolls of identify {unknown}
 m - 2 scrolls of noise {unknown}
 n - a scroll of enchant weapon {unknown}
 r - a scroll of fear {unknown}
 u - a scroll of vulnerability {unknown}
 v - 3 scrolls of teleportation {unknown}
 x - a scroll of acquirement {unknown}
 A - a scroll of immolation {unknown}
Potions
 b - 2 potions of magic
 e - 4 potions of might {unknown}
 f - 2 potions of haste {unknown}
 h - a potion of attraction {unknown}
 l - a potion of ambrosia {unknown}
 p - 2 potions of degeneration {unknown}
 q - a potion of cancellation {unknown}
 t - a potion of curing {unknown}
 z - a potion of flight {unknown}


   Skills:
 + Level 3.6 Fighting
 + Level 1.1 Long Blades
 - Level 4.0 Dodging
 - Level 10.0 Stealth
 - Level 6.0 Spellcasting
 + Level 0.8 Conjurations
 - Level 6.0 Ice Magic


You had 9 spell levels left.
You knew the following spells:

 Your Spells              Type           Power      Damage    Failure   Level
a - Freeze                Ice            100%       1d11      1%          1
b - Frozen Ramparts       Ice            84%        1d13      1%          3
c - Ozocubu's Armour      Ice            42%        N/A       1%          3
d - Hailstorm             Conj/Ice       27%        3d7       19%         4

Your spell library contained the following spells:

 Spells                   Type           Power      Damage    Failure   Level
 Dispersal                Tloc           4%         N/A       100%        6
 Disjunction              Tloc           4%         N/A       100%        8


Dungeon Overview and Level Annotations

Branches:
Dungeon (6/15)
 Temple: D:4-7

Altars:
Elyvilon
Gozag
Yredelemnul

Annotations:
D:4 1 runed translucent door


Innate Abilities, Weirdness & Mutations

Your serpentine skin is tough. (AC +3)
You have supernaturally acute eyesight. (SInv)
Armour fits poorly on your strangely shaped body.
Your system is resistant to poisons. (rPois)
You cover ground very slowly.
You can spit poison.
You have a snake-like lower body.


Message History

Confirm with . or Enter, or press ? or * to list all spells.
A film of ice covers your body!
You are engulfed in a cloud of scalding steam.
The fungus is engulfed in a cloud of scalding steam.
The wall freezes the steam dragon!
The steam dragon bites you but does no damage.
The steam dragon closely misses you. The heat melts your icy armour.
You closely miss the steam dragon.
The steam dragon is almost dead.
You are engulfed in a cloud of scalding steam.
The fungus is engulfed in a cloud of scalding steam.
The wall freezes the steam dragon.
You kill the steam dragon!
The heat melts your icy armour.
Your Long Blades skill increases to level 1!
You are engulfed in a cloud of scalding steam.
The wall freezes the steam dragon.
The heat melts your icy armour.
You closely miss the steam dragon.
The steam dragon is lightly wounded.
You are engulfed in a cloud of scalding steam.
A nearby fungus withers and dies.
The wall freezes the steam dragon!
The steam dragon bites you but does no damage.
You block the steam dragon's attack.
The wall freezes the steam dragon!
The steam dragon breathes steam at you. The ball of steam hits you!!
* * * LOW HITPOINT WARNING * * *
The heat melts your icy armour.
You hit the steam dragon.
The steam dragon is almost dead.
The fungus is engulfed in a cloud of scalding steam.
The fungus begins to die.
The wall freezes the steam dragon.
You block the steam dragon's attack. The steam dragon closely misses you.
Unknown command.
You slash the steam dragon!
You kill the steam dragon!
You are engulfed in a cloud of scalding steam.
Your icy armour melts away.
You die...

##.#...P~~#..####.##.#
.##P.~.≈#..# #.##.#
..#~.~.##..# #.##.#
#.#...P#...# #.##.#
#..~##...####.##.#
#P.~#..........#.##
#P§.#...##.........
#§.§#.............#
##@§##..##)###.##.#
#..##...#.###.##.#
#..##............#
#^..#...#.###.##.#
#...#.#.#.###.##.#
#...#)#.#........#
#~..#.#.#####.##†#
#~..#..........)<#
#§.P###.#####.##.#


There were no monsters in sight!

Vanquished Creatures
  Pikel (D:4)
  2 steam dragons (D:6)
  A sky beast (D:4)
  2 ogres
  A centaur (D:5)
  3 lemures (D:4)
  3 phantoms
  A kobold brigand (D:6)
  2 scorpions
  2 howler monkeys (D:6)
  A hound (D:4)
  A jelly (D:5)
  An orc priest (D:5)
  A gnoll bouda (D:4)
  Terence (D:2)
  2 iguanas
  4 orc wizards (D:6)
  7 gnolls (D:4)
  7 adders
  An ufetubus (D:4)
  2 worms
  3 dart slugs (D:3)
  12 orcs
  7 endoplasms
  5 goblins
  5 hobgoblins
  2 jackals (D:3)
  3 quokkas
  5 ball pythons
  A bat (D:1)
  4 frilled lizards
  6 kobolds
  7 rats
106 creatures vanquished.

Vanquished Creatures (others)
  8 fungi (D:6)
8 creatures vanquished.

Grand Total: 114 creatures vanquished

Notes
Turn   | Place    | Note
-------+----------+-------------------------------------------
     0 | D:1      | Woods the Naga Ice Elementalist began the quest for the
                  | Orb.
     0 | D:1      | Reached XP level 1. HP: 15/15 MP: 3/3
   493 | D:1      | Reached XP level 2. HP: 18/22 MP: 3/5
  1214 | D:2      | Noticed Terence
  1409 | D:2      | Found a faded altar of an unknown god.
  1418 | D:2      | Found an opulent altar of Gozag.
  1665 | D:2      | Reached XP level 3. HP: 25/28 MP: 3/6
  1805 | D:2      | Killed Terence
  2049 | D:3      | Reached XP level 4. HP: 36/36 MP: 8/8
  2052 | D:3      | Reached skill level 4 in Stealth
  2072 | D:3      | Learned a level 3 spell: Frozen Ramparts
  2076 | D:3      | Learned a level 3 spell: Ozocubu's Armour
  3302 | D:4      | Reached XP level 5. HP: 38/42 MP: 6/10
  3740 | D:4      | Found a runed translucent door.
  3740 | D:4      | Noticed a human
  3740 | D:4      | Noticed a phantom
  3753 | D:4      | Killed a phantom
  3754 | D:4      | Reached skill level 5 in Stealth
  3754 | D:4      | Reached XP level 6. HP: 39/49 MP: 9/12
  3842 | D:4      | Noticed a sky beast
  3854 | D:4      | Killed a sky beast
  3930 | D:4      | Found a basalt altar of Yredelemnul.
  3937 | D:4      | Reached skill level 5 in Ice Magic
  3943 | D:4      | Noticed Pikel
  4064 | D:4      | Killed Pikel
  4065 | D:4      | Reached skill level 6 in Stealth
  4065 | D:4      | Reached skill level 5 in Spellcasting
  4065 | D:4      | Reached XP level 7. HP: 43/55 MP: 7/15
  4065 | D:4      | Reached XP level 8. HP: 49/62 MP: 7/16
  4453 | D:4      | Found a white marble altar of Elyvilon.
  4456 | D:4      | Reached skill level 7 in Stealth
  4717 | D:5      | Entered Level 5 of the Dungeon
  4755 | D:5      | Identified the ring of Jeurhiast {*Slow rElec rPois MP+9
                  | Int+9}
  5214 | D:5      | Reached skill level 8 in Stealth
  5275 | D:5      | Reached skill level 9 in Stealth
  5477 | D:6      | Reached skill level 10 in Stealth
  5493 | D:6      | Reached skill level 1 in Fighting
  5557 | D:6      | Reached XP level 9. HP: 60/74 MP: 18/18
  5638 | D:6      | Learned a level 4 spell: Hailstorm
  5778 | D:6      | Reached skill level 1 in Long Blades
  5781 | D:6      | Engulfed by a cloud of steam

Illustrated notes

Levels and vault maps discovered:
D:1:      nicolae_arrival_washed_ashore, layout_basic
D:2:      layout_basic, basic_altar,
          hellmonk_ecumenical_altar_pennies_from_heaven, uniq_terence
D:3:      layout_basic
D:4:      layout_basic, dk_yredelemnul_ordeal,
          mainiacjoe_overflow_small_starburst, chequers_serial_rivers_room_a,
          uniq_pikel
D:5:      layout_cave_pools, serial_column_ruins, column_ruins_square_large,
          column_ruins_open_small, column_ruins_corridor_corner,
          column_ruins_open_tiny, column_ruins_grid_2,
          column_ruins_columns_straight, column_ruins_open_small,
          column_ruins_open_tiny
D:6:      kennysheep_steamy, layout_basic, mainiacjoe_overflow_24_doors,
          nicolae_hepliaklqana_ecumenical_no_more, serial_park_tiny_pond,
          kennysheep_generic_room_11

Skill      XL: |  1  2  3  4  5  6  7  8  9 |
---------------+----------------------------+-----
Dodging        | 2 3 4 |  4.0
Stealth        | 4 5 6 10 | 10.0
Spellcasting   | 3 4 5 6 |  6.0
Ice Magic      | 5 6 |  6.0
Fighting       | 2 3 |  3.6
Long Blades    | 1 |  1.1
Conjurations   | |  0.8

Action                   |  1- 3 |  4- 6 |  7- 9 || total
-------------------------+-------+-------+-------++-------
Melee: Unarmed           |     6 |    27 |       ||    33
       Long sword        |     4 |    65 |    58 ||   127
       Punch             |       |     1 |       ||     1
 Cast: Freeze            |    29 |     3 |       ||    32
       Frozen Ramparts   |       |    18 |    21 ||    39
       Ozocubu's Armour  |       |     4 |     5 ||     9
 Abil: Spit Poison       |     1 |     1 |     1 ||     3
 Stab: Sleeping          |     1 |     1 |       ||     2
Armor: Robe              |     1 |    16 |    21 ||    38
Dodge: Dodged            |    15 |    32 |    18 ||    65
Block: Buckler           |       |     7 |    19 ||    26
       Reflection        |       |       |     2 ||     2
